 Dungeon Crawl Stone Soup version 0.20-a0-1006-ge6c5631 (webtiles) character file.

28 GSlimey the Charmwright (level 3, -1/29 HPs)
             Began as a Bultungin Skald on Apr 13, 2017.
             Slain by an adder (4 damage)
             ... on level 2 of the Dungeon.
             The game lasted 00:02:26 (673 turns).

GSlimey the Charmwright (Bultungin Skald)            Turns: 673, Time: 00:02:26

Health: -1/29      AC:  4    Str: 10    XL:     3   Next: 12%
Magic:  3/8        EV: 12    Int: 14    God:
Gold:   85         SH:  0    Dex: 13    Spells: 4/9 levels left

rFire    . . .     SeeInvis +   a - +0 falchion
rCold    . . .     Gourm    .   (no shield)
rNeg     . . .     Faith    .   b - +1 leather armour
rPois    .         Spirit   .   (no helmet)
rElec    .         Reflect  .   (no cloak)
rCorr    .         Harm     .   (no gloves)
MR       +....                  (no boots)
Stlth    +.........             (no amulet)
Regen    0.1/turn               g - ring of protection from magic
MPRegen  0.2/turn               (no ring)

@: singing, very slightly contaminated
A: short attention span, fangs 1, see invisible, strong nose
a: no special abilities


You were on level 2 of the Dungeon.
You were not hungry.

You visited 1 branch of the dungeon, and saw 2 of its levels.

You collected 85 gold pieces.

Inventory:

Hand Weapons
 a - a +0 falchion (weapon)
Armour
 b - a +1 leather armour (worn)
Jewellery
 g - a ring of protection from magic (left hand)
Scrolls
 e - a scroll of enchant armour
 f - a scroll of immolation {unknown}
 h - 4 scrolls of identify
 i - 3 scrolls of fear {unknown}
Books
 c - a book of Battle

   Spells                             Type                      Level
   a - Infusion                       Charms                       1
   b - Shroud of Golubria             Charms/Translocation         2
   c - Song of Slaying                Charms                       2
   d - Spectral Weapon                Hexes/Charms                 3
   e - Regeneration                   Charms/Necromancy            3
Comestibles
 d - a bread ration
 j - 2 royal jellies
 k - a chunk of flesh


   Skills:
 + Level 3.2 Fighting
 * Level 3.9 Long Blades
 - Level 1.5 Armour
 - Level 3.0 Dodging
 + Level 3.7 Spellcasting
 * Level 5.1 Charms


You had 4 spell levels left.
You knew the following spells:

 Your Spells              Type           Power        Failure   Level  Hunger
a - Infusion              Chrm           ###.         3%          1    None
b - Song of Slaying       Chrm           ###.....     6%          2    ##.....
c - Shroud of Golubria    Chrm/Tloc      #.........   17%         2    ##.....


Dungeon Overview and Level Annotations

Branches:
Dungeon (2/15)

Altars:


Innate Abilities, Weirdness & Mutations

You have a short attention span.
You have very sharp teeth.
You have supernaturally acute eyesight. (SInv)
Your uncanny sense of smell can sniff out nearby items.


Message History

The goblin hits you but does no damage.
You closely miss the goblin. Your bite misses the goblin.
The goblin is heavily wounded.
The goblin hits you with a club.
* * * LOW HITPOINT WARNING * * *
Your shroud falls apart!
A hobgoblin comes into view. It is wielding a club.
You hit the goblin.
You kill the goblin!
The adder bites you.
* * * LOW HITPOINT WARNING * * *
You miss the adder. You bite the adder.
The adder is lightly wounded.
The adder bites you but does no damage.
You aren't carrying any potions.
As you read the scroll labeled SESMEDEETA, it crumbles to dust.
It is a scroll of enchant armour.
Your +0 leather armour glows green for a moment.
The adder bites you.
You die...

#. ###...... ...
..... #.. .....
########(S #....
.....$... ... #
#......S####.# .##.
.......KS@g..##....
##.##..g###......#
#..### #......#
....# #......#
...## #..[...# ..
..#####.....#### (
#...............
######......###
#......####.


You could see 2 adders, 2 hobgoblins and a kobold.

Vanquished Creatures
  An adder (D:2)
  A dart slug (D:2)
  2 goblins
  3 kobolds (D:1)
  4 bats
  A frilled lizard (D:1)
  7 rats
19 creatures vanquished.

Notes
Turn   | Place    | Note
-------+----------+-------------------------------------------
     0 | D:1      | GSlimey the Bultungin Skald began the quest for the Orb.
     0 | D:1      | Reached XP level 1. HP: 18/18 MP: 4/4
   219 | D:1      | Reached XP level 2. HP: 20/24 MP: 6/6
   549 | D:2      | Learned a level 2 spell: Song of Slaying
   552 | D:2      | Learned a level 2 spell: Shroud of Golubria
   591 | D:2      | Reached skill level 5 in Charms
   591 | D:2      | Reached XP level 3. HP: 13/29 MP: 1/8
   673 | D:2      | Slain by an adder

Vault maps used:
D:1:      lightli_arrival_quake
D:2:      first_bread

Skill      XL: |  1  2 |
---------------+-------+-----
Charms         | 5 |  5.1
Fighting       | |  3.2
Long Blades    | |  3.9
Armour         | |  1.5
Dodging        | |  3.0
Spellcasting   | |  3.7

Action                   || total
-------------------------++-------
Melee: Falchion          ||    53
       Bite              ||     5
 Cast: Infusion          ||     1
       Shroud of Golubri ||     1
       Song of Slaying   ||     1
  Use: Scroll            ||     2
 Stab: Sleeping          ||     1
Armor: Leather armour    ||    20
Dodge: Dodged            ||    30
       Rpst.: Falchion   ||    11
